[Event "January 2 Late 2024"]
[Site "https://www.chess.com"]
[Date "2024.01.02"]
[Round "2"]
[White "Eggleston, Thomas A"]
[Black "Piscicelli, Daniel Orlando"]
[Result "1-0"]
[Board "190"]
[TimeControl "180+1"]
[WhiteFideId "412139"]
[BlackFideId "101958"]
[WhiteElo "2272"]
[BlackElo "2489"]
[WhiteTeam "ENG"]
[BlackTeam "ARG"]
[WhiteClock "0:00:14"]
[BlackClock "0:00:00"]

1. e4 e5 2. Nf3 Nc6 3. d4 exd4 4. Nxd4 Nf6 5. Nc3 Bb4 6. Nxc6 bxc6 7. Bd3 O-O 8. O-O Re8 9. Qf3 d6 10. h3 Rb8 11. Bg5 Bxc3 12. bxc3 Re6 13. Rab1 Rxb1 14. Rxb1 Qd7 15. Rb8 h6 16. Ba6 hxg5 17. Rxc8+ Re8 18. Rxe8+ Qxe8 19. Bb7 Qxe4 20. Qxe4 Nxe4 21. Bxc6 Nxc3 22. a4 Kf8 23. Kf1 Ke7 24. Ke1 d5 25. Kd2 Kd6 26. Be8 Ne4+ 27. Ke3 f6 28. c4 c6 29. cxd5 c5 30. Kxe4 Ke7 31. Bb5 Kd6 32. Bc4 Kd7 33. Kf5 Kd6 34. a5 Kd7 35. Kg6 Kd6 36. Kf5 Kd7 37. f4 gxf4 38. Kxf4 Kd6 39. g4 g6 40. h4 Kd7 41. h5 Kd6 42. hxg6 Ke7 43. Kf5 1-0

[Event "January 2 Late 2024"]
[Site "https://www.chess.com"]
[Date "2024.01.02"]
[Round "2"]
[White "Fiedorek, Michal"]
[Black "Vanek, Tomas"]
[Result "1-0"]
[Board "191"]
[TimeControl "180+1"]
[WhiteFideId "1199528"]
[BlackFideId "313459"]
[WhiteElo "2488"]
[BlackElo "2272"]
[WhiteTeam "POL"]
[BlackTeam "CZE"]
[WhiteClock "0:00:04"]
[BlackClock "0:00:00"]

1. Nf3 e6 2. g3 f5 3. Bg2 Nf6 4. O-O d5 5. d3 Be7 6. Ne5 O-O 7. Nd2 Nbd7 8. Ndf3 Nxe5 9. Nxe5 c6 10. c4 Bd7 11. b3 Be8 12. Bb2 Bh5 13. Qd2 Qe8 14. b4 Rd8 15. Qc2 Bxb4 16. Qb3 a5 17. a3 Bd6 18. Bc3 Bxe5 19. Bxe5 b5 20. cxb5 cxb5 21. Rab1 Rf7 22. Rfe1 Rb7 23. Qc3 Qe7 24. Qxa5 Nd7 25. Bd4 Nb8 26. Ba1 Nc6 27. Qc3 Rc8 28. Rec1 Na7 29. Qe5 Rxc1+ 30. Rxc1 Qxa3 31. Bb2 Qe7 32. Bd4 Be8 33. Ba1 Nc6 34. Qb2 Nd8 35. h4 Bh5 36. Rc8 Be8 37. Qxg7+ Qxg7 38. Bxg7 Rd7 39. Bf6 1-0

[Event "January 2 Late 2024"]
[Site "https://www.chess.com"]
[Date "2024.01.02"]
[Round "2"]
[White "Harish, Neeraj"]
[Black "Gutierrez Olivares, Daniel"]
[Result "0-1"]
[Board "192"]
[TimeControl "180+1"]
[WhiteFideId "30958130"]
[BlackFideId "2264005"]
[WhiteElo "2269"]
[BlackElo "2487"]
[WhiteTeam "USA"]
[BlackTeam "ESP"]
[WhiteClock "0:01:57"]
[BlackClock "0:01:49"]

1. e4 e6 2. d4 d5 3. e5 c5 4. c3 Nc6 5. Nf3 Bd7 6. Be2 Nge7 7. Na3 cxd4 8. cxd4 Nf5 9. Nc2 Be7 10. O-O O-O 11. Bd2 Rc8 12. Bc3 b5 13. a3 Qb6 14. Ne3 Nxe3 15. fxe3 a5 16. Qe1 b4 17. axb4 Nxb4 18. Qh4 0-1

[Event "January 2 Late 2024"]
[Site "https://www.chess.com"]
[Date "2024.01.02"]
[Round "2"]
[White "Unuk, Laura"]
[Black "Delgado Kuffo, Andres"]
[Result "0-1"]
[Board "193"]
[TimeControl "180+1"]
[WhiteFideId "14609215"]
[BlackFideId "3600475"]
[WhiteElo "2486"]
[BlackElo "2265"]
[WhiteTeam "SLO"]
[BlackTeam "ECU"]
[WhiteClock "0:00:41"]
[BlackClock "0:00:24"]

1. e4 e6 2. d4 d5 3. Nc3 Nf6 4. e5 Nfd7 5. f4 c5 6. Nf3 Nc6 7. Be3 cxd4 8. Nxd4 Qb6 9. Qd2 Qxb2 10. Rb1 Qa3 11. Rb3 Qa5 12. Rb5 Qd8 13. Bd3 a6 14. Rb1 Bc5 15. Nxc6 bxc6 16. Ne2 Bxe3 17. Qxe3 Qa5+ 18. Kf2 O-O 19. Rb3 f6 20. Bxh7+ Kxh7 21. Qh3+ Kg8 22. Qxe6+ Rf7 23. Qxc6 Qc5+ 24. Qxc5 Nxc5 25. Rb6 fxe5 26. Rd1 Bg4 27. Rxd5 Ne4+ 28. Ke3 Bxe2 29. Kxe2 Nc3+ 30. Kd3 Nxd5 31. Rd6 Nxf4+ 32. Ke4 Re8 33. g3 Nh5 34. c4 Nf6+ 35. Ke3 Ng4+ 36. Ke4 Nxh2 37. Rxa6 Nf1 38. g4 Rf4+ 39. Kd3 Rd8+ 40. Kc3 Rc8 41. Re6 Rfxc4+ 42. Kd3 Rd4+ 43. Ke2 Ng3+ 44. Kf2 Rc3 45. Kg2 Nh5 46. Rxe5 Rd2+ 47. Kf1 Rc1+ 48. Re1 Ng3+ 49. Kg1 Rxe1# 0-1

[Event "January 2 Late 2024"]
[Site "https://www.chess.com"]
[Date "2024.01.02"]
[Round "2"]
[White "Player, Edmund C"]
[Black "Alimpic, Aleksa"]
[Result "0-1"]
[Board "194"]
[TimeControl "180+1"]
[WhiteFideId "406520"]
[BlackFideId "974323"]
[WhiteElo "2265"]
[BlackElo "2485"]
[WhiteTeam "ENG"]
[BlackTeam "SRB"]
[WhiteClock "0:00:00"]
[BlackClock "0:00:09"]

1. e4 c5 2. Nf3 d6 3. d4 cxd4 4. Nxd4 Nf6 5. Nc3 Nc6 6. Bg5 e6 7. Qd2 a6 8. O-O-O Bd7 9. f4 b5 10. a3 Be7 11. Nxc6 Bxc6 12. Bd3 O-O 13. Rhg1 a5 14. e5 dxe5 15. fxe5 Nd5 16. Bxe7 Qxe7 17. Nxd5 Bxd5 18. Bxb5 Rfc8 19. Kb1 Rab8 20. a4 h6 21. g4 Bc4 22. Qxa5 Qc5 23. Qc3 Bxb5 24. Qxc5 Rxc5 25. axb5 Rcxb5 26. b3 Rxe5 27. Rge1 Rg5 28. h3 h5 29. gxh5 Rxh5 30. Rd3 e5 31. Kb2 Re8 32. b4 e4 33. Rde3 f5 34. c4 Kf7 35. b5 Ke6 36. Rd1 Ke5 37. Rd5+ Kf4 38. Re1 Rxh3 0-1

[Event "January 2 Late 2024"]
[Site "https://www.chess.com"]
[Date "2024.01.02"]
[Round "2"]
[White "Gaal, Zsoka"]
[Black "Kaganskiy, Gleb"]
[Result "1-0"]
[Board "195"]
[TimeControl "180+1"]
[WhiteFideId "777765"]
[BlackFideId "4132025"]
[WhiteElo "2484"]
[BlackElo "2264"]
[WhiteTeam "HUN"]
[BlackTeam "ISR"]
[WhiteClock "0:00:07"]
[BlackClock "0:00:00"]

1. e4 Nc6 2. Nf3 f5 3. exf5 d5 4. d4 Bxf5 5. Bd3 Bxd3 6. Qxd3 Qd6 7. O-O O-O-O 8. Nc3 e5 9. Nb5 Qg6 10. Qxg6 hxg6 11. Nxe5 Nxe5 12. dxe5 a6 13. Nc3 Bb4 14. Bg5 Bxc3 15. bxc3 Re8 16. f4 Nh6 17. Bxh6 gxh6 18. Rae1 Kd7 19. g4 h5 20. f5 hxg4 21. fxg6 Rhg8 22. Rf7+ Re7 23. e6+ Kd6 24. Rf6 Rge8 25. Kg2 Rh8 26. Kg3 Rh3+ 27. Kxg4 Rxh2 28. Kg5 Rg2+ 29. Kh4 Rxc2 30. Rg1 Rg7 31. Rf7 Rg8 32. g7 Rh2+ 33. Kg3 Rh7 34. Kf4 Kxe6 35. Rxc7 b5 36. Ra7 Kd6 37. Rxa6+ Kc5 38. Ra7 Kc4 39. Rc7+ Kd3 40. Kf5 Rh2 41. Kg6 d4 42. Kf7 dxc3 43. Kxg8 c2 44. Kf8 Kd2 45. g8=Q 1-0

[Event "January 2 Late 2024"]
[Site "https://www.chess.com"]
[Date "2024.01.02"]
[Round "2"]
[White "Wang, Jalen"]
[Black "Lopez Del Alamo, Antonio"]
[Result "0-1"]
[Board "196"]
[TimeControl "180+1"]
[WhiteFideId "2078058"]
[BlackFideId "2227339"]
[WhiteElo "2484"]
[BlackElo "2261"]
[WhiteTeam "USA"]
[BlackTeam "ESP"]
[WhiteClock "0:02:02"]
[BlackClock "0:00:42"]

1. d4 Nf6 2. Bf4 g6 3. e3 d5 4. Nc3 Bg7 5. h4 h5 6. Nf3 O-O 7. Qd2 c5 8. Ne5 Nc6 9. O-O-O Be6 10. f3 Rc8 11. Kb1 Qa5 12. Nxc6 bxc6 13. Nxd5 Qd8 14. Nxf6+ Bxf6 15. Be5 Bxe5 16. dxe5 Qb6 17. Qc3 Rb8 18. b3 a5 19. a4 Qa7 20. Bc4 Bxc4 21. Qxc4 Rb4 22. Qc3 c4 23. Ka2 Rfb8 24. Rb1 Qc5 25. Rhc1 e6 26. f4 Qd5 27. bxc4 Rxa4+ 0-1

[Event "January 2 Late 2024"]
[Site "https://www.chess.com"]
[Date "2024.01.02"]
[Round "2"]
[White "Sarkar, Justin"]
[Black "Kotyk, Michael"]
[Result "0-1"]
[Board "197"]
[TimeControl "180+1"]
[WhiteFideId "2010011"]
[BlackFideId "16214501"]
[WhiteElo "2258"]
[BlackElo "2483"]
[WhiteTeam "USA"]
[BlackTeam "GER"]
[WhiteClock "0:00:00"]
[BlackClock "0:02:12"]

1. e4 Na6 2. Nc3 g6 3. d4 Bg7 4. Nf3 d6 5. Bxa6 bxa6 6. O-O Bb7 7. Bf4 Nf6 8. d5 O-O 9. Qd2 e6 10. Bh6 Re8 11. Bxg7 Kxg7 12. Rfe1 Qd7 13. Rad1 e5 14. Qd3 Nh5 15. Ne2 Qg4 16. h3 Qd7 17. c4 a5 18. Qc3 Qa4 19. b3 Qb4 20. Rc1 c5 21. dxc6 Bxc6 22. Qd3 Nf6 23. Nc3 Rac8 24. Rcd1 Red8 25. Nd2 a4 26. Nxa4 Bxa4 27. bxa4 Qxa4 28. Qb3 Qc6 29. Rc1 Rb8 30. Qd3 Rb6 31. Nb1 Ra6 32. Nc3 Ra3 33. Qd2 Qxc4 34. Nb1 Qxa2 0-1

[Event "January 2 Late 2024"]
[Site "https://www.chess.com"]
[Date "2024.01.02"]
[Round "2"]
[White "Kappeler, Kaspar"]
[Black "Sreyas Payyappat"]
[Result "0-1"]
[Board "198"]
[TimeControl "180+1"]
[WhiteFideId "1309072"]
[BlackFideId "46674969"]
[WhiteElo "2249"]
[BlackElo "2480"]
[WhiteTeam "SUI"]
[BlackTeam "IND"]
[WhiteClock "0:00:00"]
[BlackClock "0:00:35"]

1. c4 c5 2. g3 Nf6 3. Bg2 Nc6 4. Nf3 g6 5. O-O Bg7 6. d4 cxd4 7. Nxd4 O-O 8. Nc3 a6 9. h3 Qc7 10. e4 d6 11. Be3 Nxd4 12. Qxd4 Be6 13. Rac1 Qxc4 14. Qd2 Qb4 15. a3 Qb3 16. Nd5 Nxd5 17. exd5 Bd7 18. Rc7 Bb5 19. Rxb7 Rab8 20. Rxb8 Rxb8 21. Re1 Bxb2 22. Rb1 Bc4 23. Bd4 Qxa3 24. Rxb2 Rb5 25. Rxb5 axb5 26. Bb2 Qa2 27. Qc3 f6 28. Be4 Bxd5 29. Bd3 Qa4 0-1

[Event "January 2 Late 2024"]
[Site "https://www.chess.com"]
[Date "2024.01.02"]
[Round "2"]
[White "Burdalev, Kirill"]
[Black "Marn, Jan"]
[Result "0-1"]
[Board "199"]
[TimeControl "180+1"]
[WhiteFideId "14121913"]
[BlackFideId "14619245"]
[WhiteElo "2249"]
[BlackElo "2478"]
[WhiteTeam "CZE"]
[BlackTeam "SLO"]
[WhiteClock "0:00:00"]
[BlackClock "0:00:09"]

1. d4 b6 2. e4 e6 3. Bd3 Bb7 4. Nf3 Nf6 5. Qe2 d5 6. e5 Ne4 7. O-O c5 8. c4 cxd4 9. cxd5 Qxd5 10. Re1 Nc5 11. Bc4 Qd7 12. Rd1 Nc6 13. Be3 dxe3 14. Rxd7 exf2+ 15. Kxf2 Nxd7 16. Nc3 Bc5+ 17. Kf1 O-O 18. Rd1 Rad8 19. Ne4 Be7 20. Nd6 Ba8 21. a3 Ndxe5 22. Nxe5 Bxd6 23. Nxc6 Bxc6 24. Bd3 Bc5 25. b4 Bd4 26. Bc2 e5 27. Be4 Bd7 28. g4 g6 29. Kg2 Kg7 30. Qa6 f5 31. gxf5 gxf5 32. Bd5 Kh8 33. Qxa7 Bb5 34. Ba2 Rd7 35. Qxd7 Bxd7 36. Bb3 Ra8 37. a4 Bxa4 38. Bd5 Rd8 0-1

[Event "January 2 Late 2024"]
[Site "https://www.chess.com"]
[Date "2024.01.02"]
[Round "2"]
[White "Salazar Farias, Luis German"]
[Black "Fernandez Madrid, Carlos"]
[Result "1-0"]
[Board "200"]
[TimeControl "180+1"]
[WhiteFideId "3902170"]
[BlackFideId "2206030"]
[WhiteElo "2477"]
[BlackElo "2248"]
[WhiteTeam "VEN"]
[BlackTeam "ESP"]
[WhiteClock "0:00:06"]
[BlackClock "0:00:47"]

1. e4 g6 2. d4 Bg7 3. Nc3 d6 4. f4 Nf6 5. Bd3 O-O 6. Nf3 e5 7. dxe5 dxe5 8. Nxe5 Nbd7 9. Nxd7 Bxd7 10. O-O c5 11. e5 Ng4 12. h3 c4 13. Bxc4 Qb6+ 14. Kh1 Nf2+ 15. Rxf2 Qxf2 16. Qxd7 Rad8 17. Qxb7 Bh6 18. Qf3 Qxc2 19. Kh2 Rd4 20. Bb3 Qf5 21. Ne2 Rd3 22. Qf2 Qd7 23. Be3 a5 24. Bc4 Rd1 25. Rxd1 Qxd1 26. e6 fxe6 27. Bxe6+ Kh8 28. Bd4+ Bg7 29. g3 Rd8 30. Bxg7+ Kxg7 31. b3 Rd2 32. Bc4 Rxa2 33. Kg2 Ra1 34. Kf3 Qh1+ 35. Ke3 Qxh3 36. Qf3 Qd7 37. Qd5 Qa7+ 38. Qd4+ Qxd4+ 39. Nxd4 a4 40. bxa4 Rxa4 41. Be2 Ra3+ 42. Kf2 h5 43. Nf3 Kf6 44. Bd1 Ra1 45. Be2 Ra2 46. Ng5 Rb2 47. Kf3 Rb3+ 48. Kf2 Rb2 49. Ke3 Rb3+ 50. Bd3 Ra3 51. Nf3 Kg7 52. Ne5 g5 53. fxg5 Ra5 54. Nf3 Ra3 55. Ke4 Ra4+ 56. Kf5 Ra3 57. Be4 Ra5+ 58. Kf4 Ra4 59. Nh4 Rb4 60. Nf5+ Kf7 61. Nd6+ Kg7 62. Kf5 Ra4 63. Kf4 Rb4 64. Nf5+ Kf7 65. Nh4 Ra4 66. Ng2 Rb4 67. Kf3 Rb5 68. g6+ Kg7 69. Nh4 Rb3+ 70. Kf4 Rb4 71. Nf3 Ra4 72. Kf5 Ra5+ 73. Ne5 Rb5 74. Bf3 Rb3 75. Kf4 Rb4+ 76. Be4 Ra4 77. Nd3 Ra1 78. Nc5 Rf1+ 79. Kg5 Re1 80. Ne6+ Kg8 81. Bf5 Re3 82. Kf6 Rxg3 83. Nf4 h4 84. Be6+ Kf8 85. Nh5 Rf3+ 86. Kg5 Rg3+ 87. Kh6 Ke7 88. Bd5 h3 89. g7 h2 90. Nxg3 Kd6 91. Bh1 1-0

[Event "January 2 Late 2024"]
[Site "https://www.chess.com"]
[Date "2024.01.02"]
[Round "2"]
[White "Suvorov, Luca"]
[Black "Andersson, Bjorn 1971"]
[Result "1-0"]
[Board "201"]
[TimeControl "180+1"]
[WhiteFideId "12977071"]
[BlackFideId "1702114"]
[WhiteElo "2476"]
[BlackElo "2246"]
[WhiteTeam "GER"]
[BlackTeam "SWE"]
[WhiteClock "0:01:15"]
[BlackClock "0:00:50"]

1. Nf3 c5 2. c4 Nc6 3. Nc3 d6 4. e4 g6 5. d3 Bg7 6. h4 Bg4 7. Be2 h5 8. Ng1 Ne5 9. f3 Bd7 10. Be3 a6 11. d4 cxd4 12. Bxd4 Rc8 13. f4 f6 14. fxe5 fxe5 15. Be3 Nf6 16. Bg5 Ng4 17. Bxg4 Bxg4 18. Qd3 Qb6 19. b3 O-O 20. Nf3 Rf7 21. Nd5 Qa5+ 22. b4 Qd8 23. O-O Qf8 24. Nh2 e6 25. Rxf7 Qxf7 26. Ne7+ Kh7 27. Nxc8 1-0

[Event "January 2 Late 2024"]
[Site "https://www.chess.com"]
[Date "2024.01.02"]
[Round "2"]
[White "Huang, Youhe"]
[Black "Rose, Felix"]
[Result "1-0"]
[Board "202"]
[TimeControl "180+1"]
[WhiteFideId "2629445"]
[BlackFideId "5105722"]
[WhiteElo "2475"]
[BlackElo "2241"]
[WhiteTeam "CAN"]
[BlackTeam "MEX"]
[WhiteClock "0:01:39"]
[BlackClock "0:00:00"]

1. e4 e5 2. Nf3 Nc6 3. Nc3 Nf6 4. Bb5 Bb4 5. a4 O-O 6. O-O Bxc3 7. dxc3 Nxe4 8. Re1 d5 9. Bxc6 bxc6 10. Nxe5 Qh4 11. Qf3 Be6 12. Nxc6 Bg4 13. Qf4 g5 14. Ne7+ Kg7 15. Nf5+ Bxf5 16. Qxf5 Rae8 17. Be3 c6 18. f3 Nd6 19. Bd4+ f6 20. Qd7+ Rf7 21. Qxe8 Nxe8 22. Rxe8 Qf4 23. Rae1 Qc7 24. Bc5 Qb7 25. b4 Qa6 26. a5 Qc4 27. Bd4 a6 28. Ra8 Qa2 29. Rxa6 Qxc2 30. Rxc6 Qd2 31. Bf2 1-0

[Event "January 2 Late 2024"]
[Site "https://www.chess.com"]
[Date "2024.01.02"]
[Round "2"]
[White "Slavin, Alexey"]
[Black "Suvorov, Alexander"]
[Result "1-0"]
[Board "203"]
[TimeControl "180+1"]
[WhiteFideId "24104388"]
[BlackFideId "12977063"]
[WhiteElo "2241"]
[BlackElo "2470"]
[WhiteTeam "RUS"]
[BlackTeam "GER"]
[WhiteClock "0:00:20"]
[BlackClock "0:00:03"]

1. e4 g6 2. d4 Bg7 3. Nc3 d6 4. Be3 c6 5. Qd2 b5 6. a3 a5 7. Nf3 Bg4 8. Be2 e6 9. h3 Bxf3 10. Bxf3 d5 11. exd5 exd5 12. O-O Nf6 13. Bh6 O-O 14. Bxg7 Kxg7 15. Rfe1 Qd6 16. Re2 Nbd7 17. Rae1 Nb6 18. g3 b4 19. axb4 Nc4 20. Qc1 axb4 21. Nd1 Ra7 22. Ne3 Nxe3 23. Rxe3 Rfa8 24. Qd2 Ra1 25. Kg2 R1a2 26. Rb3 R2a4 27. Rbe3 Ra2 28. Rb3 R2a4 29. h4 h6 30. Rbe3 R8a7 31. Re5 Ra2 32. b3 Ra1 33. Rxa1 Rxa1 34. Be2 c5 35. Re3 Ra2 36. dxc5 Qxc5 37. Bd3 d4 38. Rf3 Ng4 39. Qf4 Ne5 40. Qf6+ Kh7 41. Rf4 Ra7 42. h5 Nxd3 43. hxg6+ fxg6 44. cxd3 Qd5+ 45. Re4 Qxb3 46. Qxd4 Rg7 47. Re8 Qf7 48. Qd8 g5 49. Rh8+ Kg6 50. Qd6+ Kf5 51. Rxh6 Qb7+ 52. f3 Qe7 53. g4# 1-0

[Event "January 2 Late 2024"]
[Site "https://www.chess.com"]
[Date "2024.01.02"]
[Round "2"]
[White "Brejnik, Gustav"]
[Black "Kazmaier, Daniel"]
[Result "1-0"]
[Board "204"]
[TimeControl "180+1"]
[WhiteFideId "362662"]
[BlackFideId "2606089"]
[WhiteElo "2239"]
[BlackElo "2470"]
[WhiteTeam "CZE"]
[BlackTeam "CAN"]
[WhiteClock "0:00:57"]
[BlackClock "0:01:06"]

1. g3 e5 2. Bg2 f5 3. d3 Nc6 4. e4 d6 5. Nc3 Nf6 6. Nge2 g6 7. O-O Bg7 8. h3 O-O 9. f4 fxe4 10. dxe4 exf4 11. Nxf4 Re8 12. Nfd5 Nxd5 13. Nxd5 h6 14. c3 Be6 15. Bf4 g5 16. Be3 Ne5 17. Bd4 c6 18. Ne3 c5 19. Bxe5 Bxe5 20. Qh5 Bg7 21. Nf5 Bxf5 22. exf5 d5 23. f6 Bxf6 24. Qg6+ 1-0

[Event "January 2 Late 2024"]
[Site "https://www.chess.com"]
[Date "2024.01.02"]
[Round "2"]
[White "Slade, Theodore"]
[Black "Doublekk14"]
[Result "1-0"]
[Board "205"]
[TimeControl "180+1"]
[WhiteFideId "426547"]
[WhiteElo "2467"]
[BlackElo "2237"]
[WhiteTeam "ENG"]
[WhiteClock "0:01:03"]
[BlackClock "0:00:00"]

1. d4 Nf6 2. c4 e6 3. g3 c5 4. d5 exd5 5. cxd5 d6 6. Nc3 g6 7. Bg2 Bg7 8. Nf3 O-O 9. O-O a6 10. a4 b6 11. Bf4 Nh5 12. Nd2 Nxf4 13. gxf4 Qh4 14. e3 Bh3 15. Nc4 Nd7 16. Nxd6 Nf6 17. Qf3 Bxg2 18. Kxg2 Rfd8 19. Nc4 Rab8 20. Ne5 Rd6 21. Nc6 Re8 22. Rad1 Qh5 23. Qxh5 gxh5 24. Kf3 b5 25. axb5 axb5 26. e4 Rd7 27. e5 Ng4 28. Kg2 b4 29. Ne4 1-0

[Event "January 2 Late 2024"]
[Site "https://www.chess.com"]
[Date "2024.01.02"]
[Round "2"]
[White "Guevara Sanchez, Erick Marvin"]
[Black "Delorme, Axel"]
[Result "0-1"]
[Board "206"]
[TimeControl "180+1"]
[WhiteFideId "6700136"]
[BlackFideId "632023"]
[WhiteElo "2224"]
[BlackElo "2464"]
[WhiteTeam "ESA"]
[BlackTeam "FRA"]
[WhiteClock "0:01:16"]
[BlackClock "0:01:27"]

1. e4 c5 2. d4 cxd4 3. c3 Nf6 4. e5 Nd5 5. cxd4 Nc6 6. Nf3 d6 7. Bc4 Nb6 8. Bb5 dxe5 9. Nxe5 Bd7 10. Nxd7 Qxd7 11. O-O a6 12. Bxc6 Qxc6 13. Nc3 e6 14. Re1 Bb4 15. d5 Nxd5 16. Qxd5 Qxd5 17. Nxd5 Bxe1 18. Nc7+ Kd7 19. Nxa8 Rxa8 20. Be3 Bb4 21. Rd1+ Ke8 22. a3 Be7 23. g3 Rc8 24. Rd3 Rc2 25. b4 Bf6 26. Rb3 Rc3 27. Rb1 Rxa3 28. b5 a5 29. b6 Ra1 30. Rxa1 Bxa1 31. Kf1 a4 32. Ke2 a3 33. Kd3 a2 34. Kc2 Bf6 0-1

[Event "January 2 Late 2024"]
[Site "https://www.chess.com"]
[Date "2024.01.02"]
[Round "2"]
[White "Bochnicka, Vladimir"]
[Black "Andreassen, Lars"]
[Result "1-0"]
[Board "207"]
[TimeControl "180+1"]
[WhiteFideId "14943450"]
[BlackFideId "1504878"]
[WhiteElo "2462"]
[BlackElo "2213"]
[WhiteTeam "SVK"]
[BlackTeam "NOR"]
[WhiteClock "0:00:27"]
[BlackClock "0:00:07"]

1. e4 d6 2. d4 Nf6 3. Nc3 e5 4. Nge2 Nbd7 5. h3 Be7 6. g4 c6 7. Bg2 Qc7 8. Be3 h6 9. Qd2 b5 10. a3 Bb7 11. O-O a5 12. Ng3 O-O 13. Nf5 Rfe8 14. dxe5 dxe5 15. Rad1 Bf8 16. Ne2 c5 17. Neg3 Rad8 18. Qe2 c4 19. g5 hxg5 20. Bxg5 g6 21. Nh6+ Bxh6 22. Bxh6 Nc5 23. Bg5 Rxd1 24. Rxd1 Re6 25. h4 Rd6 26. Re1 Qd7 27. h5 gxh5 28. Nf5 Re6 29. Rd1 Qe8 30. Qe3 Ncxe4 31. Bxe4 Nxe4 32. Rd8 Qxd8 33. Bxd8 Rg6+ 34. Kf1 Bc8 35. Ne7+ Kh7 36. Qxe4 Bh3+ 37. Ke1 f5 38. Qb7 Rg1+ 39. Kd2 1-0

[Event "January 2 Late 2024"]
[Site "https://www.chess.com"]
[Date "2024.01.02"]
[Round "2"]
[White "Bhavikatti, Neil"]
[Black "Arlo2024"]
[Result "1-0"]
[Board "208"]
[TimeControl "180+1"]
[WhiteFideId "30935024"]
[WhiteElo "2461"]
[BlackElo "2207"]
[WhiteTeam "USA"]
[WhiteClock "0:00:15"]
[BlackClock "0:00:00"]

1. d4 Nf6 2. c4 c5 3. d5 b5 4. cxb5 a6 5. e3 g6 6. Nc3 Bg7 7. Nf3 O-O 8. a4 Bb7 9. Be2 e6 10. dxe6 fxe6 11. O-O d5 12. bxa6 Nxa6 13. Qb3 Nb4 14. Nb5 Qe7 15. Bd2 Nc6 16. Rfc1 Ne4 17. Be1 Na5 18. Qa3 Rfc8 19. Rab1 Bc6 20. b4 Nb7 21. bxc5 Nbxc5 22. a5 Bf8 23. Qa2 Bg7 24. Nbd4 Bb7 25. Bb4 Qd7 26. Bb5 Qd8 27. Nb3 Na6 28. Be1 Qe7 29. Nfd4 1-0

[Event "January 2 Late 2024"]
[Site "https://www.chess.com"]
[Date "2024.01.02"]
[Round "2"]
[White "Bullen, Alex"]
[Black "Lopusiewicz, Piotr"]
[Result "0-1"]
[Board "209"]
[TimeControl "180+1"]
[WhiteFideId "1801627"]
[BlackFideId "1116029"]
[WhiteElo "2205"]
[BlackElo "2459"]
[WhiteTeam "WLS"]
[BlackTeam "POL"]
[WhiteClock "0:00:08"]
[BlackClock "0:00:04"]

1. d4 Nf6 2. Nf3 d5 3. c4 e6 4. cxd5 exd5 5. Nc3 c6 6. Bf4 Bf5 7. e3 Bd6 8. Bxd6 Qxd6 9. Bd3 Bxd3 10. Qxd3 Nbd7 11. O-O O-O 12. Rab1 a5 13. a3 Rfe8 14. Rfc1 Ne4 15. Na4 b5 16. Nc3 a4 17. Qc2 Rac8 18. Nxe4 dxe4 19. Nd2 f5 20. b4 Re6 21. Nf1 Nf6 22. Qc5 Nd5 23. Qxd6 Rxd6 24. Rc5 Rf8 25. Ng3 g6 26. Ne2 h5 27. Rbc1 Rff6 28. Nc3 Nb6 29. d5 Nd7 30. Rxc6 Rxc6 31. dxc6 Rxc6 32. Kf1 Ne5 33. Ke2 Nd3 34. Rc2 Kf7 35. Kd1 Nxf2+ 36. Kd2 Ng4 37. h3 Ne5 38. Nxb5 Rxc2+ 39. Kxc2 Nc4 40. Nc3 Nxe3+ 41. Kb2 Nxg2 42. Nxa4 e3 43. Kc2 e2 0-1

[Event "January 2 Late 2024"]
[Site "https://www.chess.com"]
[Date "2024.01.02"]
[Round "2"]
[White "Vujacic, Igor"]
[Black "MiguelEduardoGB"]
[Result "1/2-1/2"]
[Board "210"]
[TimeControl "180+1"]
[WhiteFideId "932620"]
[WhiteElo "2457"]
[BlackElo "2199"]
[WhiteTeam "MNE"]
[WhiteClock "0:00:09"]
[BlackClock "0:00:07"]

1. d4 d5 2. Nf3 Nc6 3. Bf4 Bg4 4. Nbd2 e6 5. e3 Bd6 6. Bg3 Nf6 7. c4 Ne7 8. c5 Bxg3 9. hxg3 c6 10. b4 Ne4 11. Qb3 a6 12. Nxe4 dxe4 13. Nd2 Bf5 14. Nc4 O-O 15. Be2 Nc8 16. a4 Qd5 17. Na5 Qxb3 18. Nxb3 Ne7 19. O-O Nd5 20. b5 axb5 21. axb5 Nc3 22. Rfe1 cxb5 23. Bf1 e5 24. dxe5 Be6 25. Nd4 b4 26. Nxe6 fxe6 27. Bc4 Kf7 28. f4 Rfc8 29. f5 Rxa1 30. Bxe6+ Ke7 31. Rxa1 Rxc5 32. Ra7 Rb5 33. Bb3 Ne2+ 34. Kf2 Nc1 35. Bc4 Rb6 36. Ra1 Nd3+ 37. Bxd3 exd3 38. Ke1 Rb5 39. Kd2 Rxe5 40. g4 Rb5 41. Kxd3 Kf6 42. Kc4 Rb6 43. Kc5 Rc6+ 44. Kxb4 Kg5 45. Rd1 Kxg4 46. Rd7 Kxf5 47. Rxg7 Ke4 48. Re7+ Kd3 49. Rxb7 Rh6 50. Re7 Rh4+ 51. Kc5 Rg4 52. Re6 Rxg2 53. Rh6 Rg7 54. Rh3 Ke4 55. Kc4 Ke5 56. Kd3 Kf5 57. Ke2 Kg5 58. Rg3+ Kf6 59. Rf3+ Ke6 60. Rf4 Rf7 61. Rg4 h5 62. Rg5 Rh7 63. Kf3 Kf6 64. Ra5 h4 65. Kg2 Ke6 66. Kh3 Kf6 67. Ra4 Ke5 68. Rf4 Rh6 69. Rg4 Rh7 70. Rd4 Rh6 71. Ra4 Rh7 72. Kg2 h3+ 73. Kh2 Rh6 74. Rg4 Rh7 75. Rg3 Rh6 76. Rg4 Rh7 77. Rd4 Rh6 78. Rf4 Rh7 79. Rf8 Rh6 80. Re8+ Kf5 81. Rf8+ Ke5 82. Rf4 Rh5 83. Rg4 Rh6 84. Rg3 Rh5 85. Rg6 Rh7 86. Rg8 Rh6 87. Rg5+ Ke4 88. Rg3 Rh5 89. Rg4+ Kxe3 90. Rg3+ Ke4 91. Rxh3 Rxh3+ 92. Kxh3 1/2-1/2

[Event "January 2 Late 2024"]
[Site "https://www.chess.com"]
[Date "2024.01.02"]
[Round "2"]
[White "Ferriz Barrios, Andres"]
[Black "Toktomushev, Teimur"]
[Result "0-1"]
[Board "211"]
[TimeControl "180+1"]
[WhiteFideId "5104467"]
[BlackFideId "14176726"]
[WhiteElo "2194"]
[BlackElo "2456"]
[WhiteTeam "MEX"]
[BlackTeam "UKR"]
[WhiteClock "0:00:52"]
[BlackClock "0:00:06"]

1. d4 d5 2. Nf3 Nf6 3. Nbd2 c5 4. e3 Nc6 5. c3 Bg4 6. Bd3 e6 7. Bb5 cxd4 8. exd4 Bd6 9. O-O O-O 10. h3 Bh5 11. Re1 a6 12. Be2 b5 13. Nf1 b4 14. Bg5 h6 15. Bh4 Ne7 16. Bxf6 gxf6 17. Qd2 Kh7 18. Ng3 Bxg3 19. fxg3 Bg6 20. cxb4 Rc8 21. Rac1 Qb6 22. a3 Be4 23. Bd3 f5 24. Bxe4 fxe4 25. Nh4 e5 26. Rc5 Rxc5 27. dxc5 Qc6 28. Rf1 f5 29. Qe2 Qe6 30. Rc1 d4 31. c6 d3 32. Qe3 Nxc6 33. Qb6 d2 34. Rd1 Rd8 35. Nxf5 Qxf5 36. Qxc6 e3 37. Qc7+ Rd7 38. Qc6 e2 39. Rxd2 e1=Q+ 40. Kh2 Qxd2 41. h4 Qdf2 42. b5 Rg7 43. Qc3 Qxg3+ 44. Qxg3 Rxg3 45. Kxg3 axb5 46. b4 Qd3+ 0-1

[Event "January 2 Late 2024"]
[Site "https://www.chess.com"]
[Date "2024.01.02"]
[Round "2"]
[White "Yushko, Olga"]
[Black "Sztokbant, Bernardo Vainzoff"]
[Result "0-1"]
[Board "212"]
[TimeControl "180+1"]
[WhiteFideId "14114500"]
[BlackFideId "2115956"]
[WhiteElo "2184"]
[BlackElo "2453"]
[WhiteTeam "UKR"]
[BlackTeam "BRA"]
[WhiteClock "0:00:21"]
[BlackClock "0:00:08"]

1. d4 Nf6 2. c4 e6 3. Nc3 d5 4. cxd5 exd5 5. Nf3 c6 6. Bg5 Be7 7. e3 Bf5 8. Bd3 Bxd3 9. Qxd3 Nbd7 10. O-O O-O 11. a3 Re8 12. b4 Ne4 13. Bf4 Nxc3 14. Qxc3 Nf8 15. Rab1 Bd6 16. Bg5 f6 17. Bh4 Qd7 18. Rfc1 Ng6 19. Bg3 Bxg3 20. hxg3 Ne7 21. b5 Rec8 22. bxc6 Rxc6 23. Qb3 b6 24. Ne1 Rac8 25. Rxc6 Qxc6 26. Nd3 Qc2 27. Nb4 Qxb3 28. Rxb3 Rc1+ 29. Kh2 Kf7 30. g4 Ke6 31. Kg3 Kd6 32. Nd3 Ra1 33. Nf4 g6 34. Ne2 Nc6 35. g5 fxg5 36. Kg4 h6 37. Nc3 Na5 38. Rb5 Rxa3 39. Rxd5+ Kc6 40. Rd6+ Kxd6 41. Nb5+ Kd5 42. Nxa3 a6 43. Kf3 b5 44. Ke2 Nc4 45. Kd3 Nxa3 46. e4+ Kd6 47. Kc3 Nc4 48. Kb4 Nd2 49. f3 h5 50. Ka5 Nb3+ 51. Kb4 Nxd4 52. Kc3 Nxf3 53. gxf3 Ke5 0-1